[Event "Team 45 45 League T36"]
[Site "Internet Chess Club"]
[Date "2008.02.17"]
[Round "4"]
[White "Boromir"]
[Black "andreip"]
[Result "1/2-1/2"]
[WhiteElo "1994"]
[BlackElo "2030"]
[Opening "French: Paulsen variation"]
[ECO "C10"]
[Time "13:02:56"]
[TimeControl "2700+45"]

1. e4 e6 2. d4 d5 3. Nc3 a6 4. Bd3 Bb4 5. e5 c5 6. Qg4 Ne7 7. dxc5 Nbc6 8. Nf3
d4 9. a3 Qa5 10. axb4 Qxa1 11. Ne2 Ng6 12. O-O Nxb4 13. Bxg6 hxg6 14. Nexd4 Qa4
15. c3 Nc6 16. b3 Qa5 17. Nxc6 bxc6 18. Qf4 Qc7 19. Ng5 f6 20. Nf3 a5 21. Rd1
O-O 22. Qe4 g5 23. Rd6 Qf7 24. exf6 gxf6 25. Qxc6 Bb7 26. Qa4 Bxf3 27. gxf3 e5
28. Be3 Rad8 29. Qxa5 Rxd6 30. cxd6 Qxb3 31. Qc7 Qd5 32. d7 g4 33. c4 Qd1+ 34.
Kg2 Qxf3+ 35. Kg1 Qd1+ 36. Kg2 Qf3+ 37. Kg1 Qd1+ 38. Kg2 Qf3+ {Game drawn by
repetition} 1/2-1/2

[Event "Team 45 45 League T36"]
[Site "Internet Chess Club"]
[Date "2008.02.16"]
[Round "4"]
[White "primerpaso"]
[Black "ivanson"]
[Result "1-0"]
[WhiteElo "1931"]
[BlackElo "1842"]
[Opening "English opening"]
[ECO "A10"]
[Time "20:05:13"]
[TimeControl "2700+45"]

1. c4 g6 2. Nc3 Bg7 3. g3 Nf6 4. Bg2 O-O 5. e4 d6 6. Nge2 Nbd7 7. d4 e5 8. O-O
a6 9. h3 exd4 10. Nxd4 Re8 11. Re1 Rb8 12. Be3 Ne5 13. Qe2 c5 14. Nc2 Be6 15. b3
Qc8 16. f4 Nc6 17. Rad1 Bxh3 18. Rxd6 Nh5 19. e5 Nxg3 20. Qf3 Bxg2 21. Qxg3 Bh3
22. Ne4 Nxe5 23. fxe5 Bxe5 24. Nf6+ Kf8 25. Bh6+ Ke7 26. Qxe5+ {Black resigns}
1-0

[Event "Team 45 45 League T36"]
[Site "Internet Chess Club"]
[Date "2008.02.18"]
[Round "4"]
[White "AlterEgo"]
[Black "gugamircea"]
[Result "1/2-1/2"]
[WhiteElo "1615"]
[BlackElo "1625"]
[Opening "English: four knights, kingside fianchetto"]
[ECO "A29"]
[Time "13:16:29"]
[TimeControl "2700+45"]

1. c4 Nf6 2. Nc3 e5 3. Nf3 Nc6 4. g3 Bc5 5. Bg2 O-O 6. O-O d6 7. Na4 Bb6 8. Nxb6
axb6 9. b3 Nb4 10. a4 Re8 11. Ba3 Na6 12. d3 e4 13. Nd2 exd3 14. exd3 Nc5 15. d4
Ne6 16. Nb1 Ng5 17. Nc3 Nfe4 18. Nxe4 Nxe4 19. Bxe4 Rxe4 20. f3 Re8 21. Re1 Bh3
22. Rxe8+ Qxe8 23. Qe1 Qd7 24. Qf2 h5 25. Re1 Re8 26. Rxe8+ Qxe8 27. Bb4 Qd7 28.
Qe3 c5 29. dxc5 dxc5 30. Be1 g6 31. Qd2 Qc6 32. Kf2 Qf6 33. Qc3 Qf5 34. Ke3 Bg2
35. Kf2 Bh3 36. Ke3 g5 37. Qd3 Qe5+ 38. Qe4 {Game drawn by mutual agreement}
1/2-1/2

[Event "Team 45 45 League T36"]
[Site "Internet Chess Club"]
[Date "2008.02.17"]
[Round "4"]
[White "Victorianum"]
[Black "nanning"]
[Result "1-0"]
[WhiteElo "1637"]
[BlackElo "1588"]
[Opening "QGD Slav: 4.Nc3"]
[ECO "D15"]
[Time "14:01:38"]
[TimeControl "2700+45"]

1. d4 d5 2. c4 c6 3. Nc3 Nf6 4. Nf3 a6 5. e3 b5 6. cxd5 cxd5 7. Bd3 Nbd7 8. a3
e6 9. O-O Bd6 10. e4 dxe4 11. Nxe4 Bb8 12. Bg5 h6 13. Bxf6 Nxf6 14. Nc5 O-O 15.
Re1 Nd5 16. Be4 Ra7 17. Bxd5 Qxd5 18. b4 Bb7 19. Qc2 Rd8 20. Rad1 Ba8 21. Qe4
Qh5 22. Qh4 Bxf3 23. Qxd8+ Kh7 24. Qxb8 Ra8 25. Qf4 Bxd1 26. Qe4+ {Black
resigns} 1-0

[Event "Team 45 45 League T36"]
[Site "Internet Chess Club"]
[Date "2008.02.15"]
[Round "4"]
[White "alastorx"]
[Black "RedAttack"]
[Result "0-1"]
[WhiteElo "1830"]
[BlackElo "2005"]
[Opening "Queen's pawn"]
[ECO "A40"]
[Time "22:09:49"]
[TimeControl "2700+45"]

1. d4 c6 2. Nf3 d5 3. e3 Bf5 4. c4 e6 5. Qb3 Qc7 6. Nc3 Nf6 7. Nh4 Bg6 8. Nxg6
hxg6 9. Bd2 Nbd7 10. g3 Bd6 11. c5 Be7 12. Bd3 e5 13. O-O-O e4 14. Be2 a5 15.
Na4 O-O 16. Kb1 Rfb8 17. Qc2 b5 18. cxb6 Nxb6 19. Rc1 Nxa4 20. Qxa4 c5 21. dxc5
Bxc5 22. Rc2 Qb6 23. Bc3 Ne8 24. Rhc1 Rb7 25. Rd2 Nc7 26. Be5 Rd8 27. h4 Ne6 28.
Bg4 f5 29. Bh3 d4 30. Qc4 Kh7 31. h5 Bb4 32. hxg6+ Kxg6 33. Bxd4 Nxd4 34. Rxd4
Bc5 35. Bxf5+ Kf6 36. Qe6+ Qxe6 37. Bxe6 Bxd4 {White resigns} 0-1

[Event "Team 45 45 League T36"]
[Site "Internet Chess Club"]
[Date "2008.02.14"]
[Round "4"]
[White "andrew28"]
[Black "Egmont"]
[Result "1-0"]
[WhiteElo "1820"]
[BlackElo "1750"]
[Opening "Robatsch (modern) defense"]
[ECO "B06"]
[Time "13:07:30"]
[TimeControl "2700+45"]

1. e4 g6 2. d4 Bg7 3. e5 d6 4. f4 dxe5 5. fxe5 c5 6. c3 cxd4 7. cxd4 Nc6 8. Nf3
Nh6 9. d5 Nb8 10. Bb5+ Bd7 11. Bxd7+ Qxd7 12. O-O O-O 13. Nc3 Na6 14. Bf4 Nc7
15. d6 exd6 16. exd6 Ne6 17. Bxh6 Bxh6 18. Ne5 Qc8 19. Ne4 f5 20. d7 Qd8 21. Qd5
Qb6+ 22. Nf2 Kh8 23. Rae1 Ng5 24. h4 Ne4 25. Nf7+ Kg7 26. Nxh6 Kxh6 27. g4 Nxf2
28. Rxf2 fxg4 29. Qg5+ Kg7 30. Re7+ Rf7 31. Rxf7+ {Black resigns} 1-0

[Event "Team 45 45 League T36"]
[Site "Internet Chess Club"]
[Date "2008.02.17"]
[Round "4"]
[White "NFK"]
[Black "Juan73"]
[Result "1-0"]
[WhiteElo "1640"]
[BlackElo "1688"]
[Opening "Scotch gambit"]
[ECO "C44"]
[Time "08:08:10"]
[TimeControl "2700+45"]

1. e4 e5 2. Nf3 Nc6 3. d4 exd4 4. Bc4 Bc5 5. c3 d6 6. cxd4 Bb4+ 7. Nc3 Bg4 8.
Be3 Nf6 9. Bd3 Qe7 10. Qc2 O-O 11. O-O-O Bxc3 12. bxc3 a5 13. h3 Bxf3 14. gxf3
b5 15. Bxb5 Na7 16. Bd3 Rab8 17. Kd2 Nb5 18. Qa4 Qd7 19. c4 Na7 20. Qxd7 Nxd7
21. Rb1 Nc6 22. Rxb8 Rxb8 23. Rb1 Nb4 24. a3 Nxd3 25. Rxb8+ Nxb8 26. Kxd3 f6 27.
f4 Kf7 28. Kc3 Ke6 29. Kb3 f5 30. d5+ Kf6 31. Bd4+ Kf7 32. e5 dxe5 33. fxe5 g5
34. e6+ Ke7 35. Ka4 c6 36. Bc5+ Ke8 37. Bd6 cxd5 38. cxd5 Nd7 39. exd7+ Kxd7 40.
Bc5 h5 41. Kxa5 h4 42. f3 g4 43. fxg4 fxg4 44. hxg4 h3 45. Bg1 Kd6 46. Kb6 Kxd5
47. a4 Ke4 48. a5 Kf3 49. Bh2 Kg2 50. Be5 {Black resigns} 1-0

[Event "Team 45 45 League T36"]
[Site "Internet Chess Club"]
[Date "2008.02.19"]
[Round "4"]
[White "jjmolina"]
[Black "BrerRabbit"]
[Result "1-0"]
[WhiteElo "1530"]
[BlackElo "1547"]
[Opening "Sicilian: Taimanov variation"]
[ECO "B45"]
[Time "14:04:32"]
[TimeControl "2700+45"]

1. e4 c5 2. Nf3 e6 3. d4 cxd4 4. Nxd4 Nc6 5. Nc3 d6 6. Be3 a6 7. Qd2 Nf6 8. f3
Be7 9. Bc4 O-O 10. O-O-O Nxd4 11. Bxd4 b5 12. Bb3 Nd7 13. g4 Ne5 14. Bxe5 dxe5
15. Qxd8 Rxd8 16. Rxd8+ Bxd8 17. h4 Be7 18. g5 Bb7 19. Rd1 Rd8 20. Ne2 Rxd1+ 21.
Kxd1 Bc5 22. Ke1 Be3 23. a4 Bc6 24. axb5 Bxb5 25. c4 Bc6 26. Bc2 Kf8 27. Kf1 a5
28. b3 Ke7 29. Kg2 Kd6 30. Ng3 g6 31. Kf1 Kc5 32. Ke2 Bd4 33. Nh1 Kb4 34. Kd3 a4
35. bxa4 Bxa4 36. Bxa4 Kxa4 37. f4 Bc5 38. fxe5 Ka5 39. Kc2 Bd4 40. Kb3 Kb6 41.
Kb4 Bxe5 42. c5+ Kc6 43. Kc4 Bf4 44. Nf2 Be3 45. Nd3 h6 46. Ne5+ Kc7 47. Nxf7
hxg5 48. Nxg5 e5 49. Kd5 {Black resigns} 1-0

[Event "Team 45 45 League T36"]
[Site "Internet Chess Club"]
[Date "2008.02.17"]
[Round "4"]
[White "SneakyRed"]
[Black "Kalhalla"]
[Result "1-0"]
[WhiteElo "1759"]
[BlackElo "1797"]
[Opening "Pirc: classical system, 5.Be2"]
[ECO "B08"]
[Time "09:59:29"]
[TimeControl "2700+45"]

1. e4 d6 2. d4 Nf6 3. Nc3 g6 4. Nf3 Bg7 5. Be2 O-O 6. O-O Bg4 7. Be3 Na6 8. Qd2
e5 9. h3 exd4 10. Bxd4 Bc8 11. e5 dxe5 12. Bxe5 Nb4 13. Qxd8 Rxd8 14. Bxc7 Rd7
15. Bh2 Nxc2 16. Rac1 Nb4 17. Bb5 Nc6 18. Rfe1 a6 19. Ba4 b5 20. Bb3 Bb7 21. Ne5
Nxe5 22. Bxe5 Rad8 23. Kf1 b4 24. Na4 Ne4 25. Bxg7 Kxg7 26. Nc5 Nxc5 27. Rxc5
Bd5 28. Ba4 Rd6 29. b3 Be6 30. Rc7 Rd2 31. Rxe6 Rxa2 32. Re1 Rdd2 33. Kg1 Rxf2
34. Bc6 Rf6 35. Bf3 a5 36. Ra7 Rf5 37. Re3 h5 38. Rd3 Kh6 39. Rd5 Rxd5 40. Bxd5
f6 41. Ra6 Kg7 42. h4 f5 43. Kh2 Rd2 44. Bc4 Ra2 45. Kg3 Ra1 46. Kf4 Ra2 47. Kf3
Ra1 48. Ra7+ Kf6 49. Ra6+ Kg7 50. Kf4 Ra2 51. Bd5 Rd2 52. Rxa5 Rd4+ 53. Kg3 Rg4+
54. Kh3 Kf6 55. Rb5 Ke7 56. Bc4 f4 57. Rxb4 Rg3+ 58. Kh2 Rg4 59. Be2 Rxh4+ 60.
Kg1 g5 61. Rb5 g4 62. Rf5 Kd6 63. Rxf4 Kc5 64. g3 Rh3 65. Kg2 Kb6 66. Bc4 Kc7
67. b4 Kb6 68. Rf6+ Kc7 69. Rh6 Kb7 70. b5 Kc7 71. Bd5 h4 72. Rxh4 {Black
resigns} 1-0

[Event "Team 45 45 League T36"]
[Site "Internet Chess Club"]
[Date "2008.02.17"]
[Round "4"]
[White "Rainbird"]
[Black "Qualm"]
[Result "1/2-1/2"]
[WhiteElo "1759"]
[BlackElo "1646"]
[Opening "English opening"]
[ECO "A05"]
[Time "08:59:17"]
[TimeControl "2700+45"]

1. Nf3 Nf6 2. c4 d6 3. g3 g6 4. Bg2 Bg7 5. O-O O-O 6. Nc3 Nbd7 7. d3 e5 8. Rb1
c5 9. a3 Re8 10. Nd2 Nf8 11. b4 Qe7 12. Qc2 Rb8 13. Rd1 b6 14. Nf1 Bb7 15. Ne3
Bxg2 16. Kxg2 Ne6 17. Ned5 Nxd5 18. Nxd5 Qb7 19. e4 Rf8 20. Bd2 f5 21. f3 Nd4
22. Qb2 fxe4 23. fxe4 Rf3 24. Bc3 Rbf8 25. Bxd4 cxd4 26. Qe2 R3f7 27. Rf1 Qa6
28. Rxf7 Rxf7 29. Rf1 Qb7 30. b5 Bh6 31. Rxf7 Qxf7 32. Qf3 Qxf3+ 33. Kxf3 Bc1
34. a4 Bd2 35. Ne7+ Kf7 36. Nc8 Ke6 37. Nxa7 Bc3 38. Kg4 Bd2 39. h4 h5+ 40. Kf3
Kd7 41. Kg2 Bc3 42. Kh3 Bd2 43. Nc6 Bc3 {Game drawn by mutual agreement} 1/2-1/2

[Event "Team 45 45 League T36"]
[Site "Internet Chess Club"]
[Date "2008.02.14"]
[Round "4"]
[White "Invicta-Knight"]
[Black "Langshaw"]
[Result "0-1"]
[WhiteElo "1500"]
[BlackElo "1740"]
[Opening "Sicilian: closed"]
[ECO "B23"]
[Time "15:20:16"]
[TimeControl "2700+45"]

1. e4 c5 2. Nc3 e6 3. f4 d5 4. e5 Nh6 5. Nf3 Nc6 6. Bb5 Bd7 7. Bxc6 Bxc6 8. d4
Nf5 9. Ne2 b6 10. Qd3 cxd4 11. Nexd4 Nxd4 12. Nxd4 Bb7 13. Qb5+ Qd7 14. Qxd7+
Kxd7 15. Rf1 Ba6 16. Rf2 Bc5 17. Be3 g6 18. a3 Rac8 19. Rd1 Rc7 20. b4 Be7 21.
b5 Bb7 22. a4 Rc3 23. Rd3 Rhc8 24. Rxc3 Rxc3 25. Bd2 Ra3 26. a5 bxa5 27. Nb3 a4
28. Na5 Ra1+ 29. Ke2 Bc8 30. Bc3 Rb1 31. Nc6 Bc5 32. Bd4 Rxb5 33. Nxa7 Bxd4 34.
Nxb5 Ba6 35. Rf3 Bxb5+ 36. Kd2 Bc5 37. c3 a3 38. Kc2 Bc4 39. g4 a2 40. Kb2 d4
41. f5 dxc3+ {White resigns} 0-1

Per a new league policy, the result is being changed to set game.

[Event "Team 45 45 League T36"]
[Site "Internet Chess Club"]
[Date "2008.02.19"]
[Round "4"]
[White "FiendAngelical"]
[Black "andrew28"]
[Result "1-0"]
[WhiteElo "1877"]
[BlackElo "1816"]
[Opening "French: Paulsen variation"]
[ECO "C10"]
[Time "18:10:40"]
[TimeControl "2700+45"]

1. e4 e6 2. d4 d5 3. Nc3 Ne7 4. Nf3 dxe4 5. Nxe4 Nbc6 6. Bd3 Bd7 7. a3 f5 8. Nc5
b6 9. Nxd7 Qxd7 10. Bb5 Ng6 11. d5 exd5 12. O-O O-O-O 13. Nd4 Nge5 14. Bf4 a6
15. Bxa6+ Kb8 16. Bb5 Nf3+ 17. Nxf3 Qe6 18. Nd4 Nxd4 19. Qxd4 Bc5 20. Qa4 Qe4
21. b4 Bxf2+ 22. Kh1 Rd6 23. Bxd6 cxd6 24. Rxf2 Qd4 25. Rff1 Rc8 26. Rae1 f4 27.
Re7 {Black resigns} 1-0

[Event "Team 45 45 League T36"]
[Site "Internet Chess Club"]
[Date "2008.02.17"]
[Round "4"]
[White "Shereshevsky"]
[Black "ExpertLevel"]
[Result "0-1"]
[WhiteElo "1480"]
[BlackElo "1779"]
[Opening "King's Indian: Sämisch, orthodox, 7.d5"]
[ECO "E87"]
[Time "18:03:33"]
[TimeControl "2700+45"]

1. d4 Nf6 2. c4 g6 3. Nc3 Bg7 4. e4 d6 5. Be3 Ng4 6. Bc1 O-O 7. f3 Nf6 8. Be3 e5
9. d5 Nh5 10. Qd2 f5 11. O-O-O f4 12. Bf2 Nd7 13. g4 Nhf6 14. h4 h5 15. gxh5
gxh5 16. Nh3 Re8 17. Ng5 Nf8 18. Bh3 Qe7 19. Bxc8 Rexc8 20. Rdg1 c6 21. b3 Kh8
22. Rh2 Rc7 23. Rhg2 Bh6 24. Kb1 N6h7 25. Nxh7 Kxh7 26. dxc6 bxc6 27. Nd5 Qf7
28. Nxc7 Qxc7 29. Rd1 Rd8 30. Bc5 d5 31. exd5 cxd5 32. Bxf8 Bxf8 33. Qd3+ e4 34.
fxe4 Bg7 35. exd5+ Kh8 36. Rdg1 Rd7 37. Qf3 Qe5 38. Rxg7 Rxg7 39. Rxg7 Kxg7 40.
Qg2+ Kf6 41. Qg5+ Qxg5 42. hxg5+ Kxg5 43. d6 Kf6 44. Kc1 h4 45. c5 Ke6 46. Kd1
h3 {White resigns} 0-1

[Event "Team 45 45 League T36"]
[Site "Internet Chess Club"]
[Date "2008.02.18"]
[Round "4"]
[White "Sleete"]
[Black "alexcolins"]
[Result "1-0"]
[WhiteElo "2103"]
[BlackElo "1735"]
[Opening "Sicilian: accelerated fianchetto, modern variation"]
[ECO "B34"]
[Time "17:05:20"]
[TimeControl "2700+45"]

1. e4 c5 2. Nc3 Nc6 3. Nge2 g6 4. d4 cxd4 5. Nxd4 Bg7 6. Be3 Nf6 7. Nxc6 bxc6 8.
e5 Ng8 9. Qd4 Nh6 10. Qc5 O-O 11. O-O-O Qc7 12. Nd5 Qxe5 13. Nxe7+ Kh8 14. Qxe5
Bxe5 15. Bxh6 Re8 16. Nxc8 Raxc8 17. Rxd7 Rb8 18. c3 a5 19. Rxf7 Kg8 20. Bc4 Kh8
21. Rd1 a4 22. Rdd7 {Black resigns} 1-0

[Event "Team 45 45 League T36"]
[Site "Internet Chess Club"]
[Date "2008.02.15"]
[Round "4"]
[White "elnik"]
[Black "Neo-Myshkin"]
[Result "0-1"]
[WhiteElo "1869"]
[BlackElo "1946"]
[Opening "Queen's pawn: Keres defense"]
[ECO "A40"]
[Time "16:29:09"]
[TimeControl "2700+45"]

1. d4 e6 2. c4 b6 3. Nc3 Bb7 4. Nf3 Bb4 5. a3 Bxc3+ 6. bxc3 c5 7. e3 Nf6 8. Bd3
O-O 9. O-O Qc7 10. Qe2 Ne4 11. Bb2 d6 12. Nd2 f5 13. f3 Nxd2 14. Qxd2 e5 15. Qc2
Qd7 16. Qf2 Nc6 17. Rad1 Qf7 18. e4 f4 19. Kh1 Na5 20. d5 Ba6 21. Qe2 Kh8 22.
Bc1 Qd7 23. Qc2 Bxc4 24. Bxc4 Nxc4 25. Qb3 b5 26. Rf2 Na5 27. Qb1 c4 28. Ra2 Nb3
29. Bd2 a5 30. Be1 Nc5 31. Rb2 Rfb8 32. Qc2 Nd3 33. Ra2 Qc7 34. Rb1 Rb7 35. h3
Rab8 36. Bd2 Qc5 37. Be1 Kg8 38. Bf2 Qc7 39. Be1 Kf7 40. Kh2 Qc5 41. Bf2 Nxf2
42. Qxf2 Qxf2 43. Rxf2 b4 44. axb4 axb4 45. cxb4 Rxb4 46. Rxb4 Rxb4 47. Rc2 Ke7
48. Kg1 Kd7 49. Kf2 Kc7 50. Ke2 Kb6 51. Kd2 Kc5 52. Ra2 Kd4 53. Kc2 c3 54. Ra6
Rb2+ 55. Kc1 Rxg2 56. Rxd6 Kd3 57. Kb1 c2+ {White resigns} 0-1

[Event "Team 45 45 League T36"]
[Site "Internet Chess Club"]
[Date "2008.02.18"]
[Round "4"]
[White "Razorbackchess"]
[Black "azbycx"]
[Result "1/2-1/2"]
[WhiteElo "1738"]
[BlackElo "1851"]
[Opening "Queen's Indian accelerated"]
[ECO "A40"]
[Time "22:06:27"]
[TimeControl "2700+45"]

1. d4 b6 2. c4 Nf6 3. Nc3 Bb7 4. a3 a5 5. e3 e6 6. Nf3 Be7 7. Bd3 O-O 8. O-O d5
9. cxd5 exd5 10. Bd2 Nbd7 11. Ne5 c5 12. f4 Ne4 13. Nxe4 dxe4 14. Bc4 Nxe5 15.
dxe5 Qd7 16. Bc3 Qc6 17. Qe2 Rfd8 18. Rfd1 Rxd1+ 19. Rxd1 Rd8 20. Rxd8+ Bxd8 21.
Bb5 Qd5 22. Qd2 Qxd2 23. Bxd2 Kf8 24. Kf2 Ke7 25. g4 Bd5 26. Kg3 Bc7 27. Bc3 g6
28. h4 h6 29. f5 g5 30. hxg5 hxg5 31. Kf2 Bb3 32. Ke2 Bd5 33. Kd2 Bb8 34. Kc2
Bc7 35. Kd2 {Game drawn by mutual agreement} 1/2-1/2

[Event "Team 45 45 League T36"]
[Site "Internet Chess Club"]
[Date "2008.02.18"]
[Round "4"]
[White "Bumaye"]
[Black "spacecadet"]
[Result "1/2-1/2"]
[WhiteElo "2225"]
[BlackElo "2073"]
[Opening "Latvian gambit, 3.Bc4"]
[ECO "C40"]
[Time "15:23:37"]
[TimeControl "2700+45"]

1. e4 e5 2. Nf3 f5 3. Bc4  fxe4 4. Nxe5 Qg5 5. d4 Qxg2 6. Qh5+ g6 7. Bf7+ Kd8 
8. Bxg6 Qxh1+ 9. Ke2 c6 10. Nc3 Kc7 11. Bxe4 Nf6 12. Qh4  Nxe4 13. Bg5 Nxg5 14.
Rxh1 h6 15. Rg1 Bg7 16. f4 Ne6  17. Rxg7 Nxd4+ 18. Kd3 Nf5 19. Qf6 Nxg7 20. Qxg7
Re8 21. Ne4  b6 22. f5 Na6 23. c3 Nc5+  24. Nxc5 bxc5 25. Nf7 Ba6+ 26.  c4 Re7
27. Qg3+ Kb6 28. Nd6  Rf8 29. f6 Rxf6 30. Nc8+ Bxc8 31. Qb8+ Bb7 32. Qd8+ Ka6 
33. Qxe7 Rf2 34. Qxc5 Rxh2 35.  b4 Bc8 36. a4 Ra2 37. a5  Kb7 38. b5 cxb5 39.
Qb4 a6  40. cxb5 axb5 41. Qxb5+ Ka7 42.  Qc5+ Kb8 43. Qd6+ Ka7 44. Kc3  Bb7 45.
Qb6+ Ka8 46. Qf6 Bc6 47. Qd8+ Kb7 48. Qb6+ Ka8  49. a6 Ra4 50. Kb3 h5 {Game
drawn by mutual agreement} 1/2-1/2

[Event "Team 45 45 League T36"]
[Site "Internet Chess Club"]
[Date "2008.02.17"]
[Round "4"]
[White "Burning-Bush"]
[Black "zenith"]
[Result "1/2-1/2"]
[WhiteElo "2105"]
[BlackElo "2281"]
[Opening "Benoni defense"]
[ECO "A61"]
[Time "16:29:16"]
[TimeControl "2700+45"]

1. d4 Nf6 2. c4 e6 3. Nf3 c5 4. d5 exd5 5. cxd5 d6 6. Nc3 g6 7. Bf4 Bg7 8. Nd2
Nh5 9. Be3 a6 10. a4 O-O 11. Nc4 Re8 12. g3 Nf6 13. Bg2 Ng4 14. Bf4 Ne5 15. Nxe5
Bxe5 16. Qd2 Nd7 17. O-O h5 {Game drawn by mutual agreement} 1/2-1/2

[Event "Team 45 45 League T36"]
[Site "Internet Chess Club"]
[Date "2008.02.16"]
[Round "4"]
[White "playwaycool05"]
[Black "searchforbobby1"]
[Result "0-1"]
[WhiteElo "2226"]
[BlackElo "2181"]
[Opening "QGD: 3...Nf6"]
[ECO "D35"]
[Time "22:07:17"]
[TimeControl "2700+45"]

1. d4 d5 2. c4 e6 3. Nc3 Nf6 4. e3 Be7 5. Nf3 O-O 6. Be2 a6 7. O-O dxc4 8. Bxc4
b5 9. Bd3 Bb7 10. Qc2 Nbd7 11. a3 c5 12. Ne4 c4 13. Nxf6+ Nxf6 14. Be2 Bd6 15.
Nd2 Qc7 16. h3 e5 17. Bf3 Bxf3 18. Nxf3 e4 19. Ng5 Rfe8 20. f3 exf3 21. gxf3 h6
22. Ne4 Nd5 23. Nxd6 Qxd6 24. e4 Nf4 25. Bxf4 Qxf4 26. Rad1 Re6 27. Qh2 Rg6+ 28.
Kh1 Rg3 29. h4 g5 30. Rf2 gxh4 31. Rg1 Kh7 32. d5 Rd8 33. Rgf1 Rd6 34. Rg2 Rdg6
35. Rxg3 hxg3 36. Qg2 Rg5 37. Qe2 g2+ 38. Qxg2 Rxg2 39. Kxg2 Qd2+ 40. Rf2 Qd4
41. Re2 a5 42. Kg3 b4 43. axb4 axb4 44. Kf4 Qd3 45. Rg2 c3 46. bxc3 bxc3 47. Ra2
Qd2+ 48. Rxd2 cxd2 49. e5 d1=Q 50. Ke4 Qe2+ 51. Kd4 Qxf3 52. d6 Qc6 {White
resigns} 0-1

[Event "Team 45 45 League T36"]
[Site "Internet Chess Club"]
[Date "2008.02.17"]
[Round "4"]
[White "keisher415"]
[Black "Stoneheart"]
[Result "1/2-1/2"]
[WhiteElo "1977"]
[BlackElo "1967"]
[Opening "Ruy Lopez: exchange, Gligoric variation"]
[ECO "C69"]
[Time "17:04:04"]
[TimeControl "2700+45"]

1. e4 e5 2. Nf3 Nc6 3. Bb5 a6 4. Bxc6 dxc6 5. O-O f6 6. d4 Bg4 7. dxe5 Qxd1 8.
Rxd1 fxe5 9. h3 Bxf3 10. gxf3 Bd6 11. Nd2 b5 12. Nb3 Ne7 13. Be3 O-O 14. Kg2 Ng6
15. Na5 Nh4+ 16. Kg3 Nxf3 17. Nxc6 Rf6 18. a4 Raf8 19. Kg2 Nh4+ 20. Kg3 Nf3 21.
Kg2 Nh4+ {Game drawn by mutual agreement} 1/2-1/2

[Event "Team 45 45 League T36"]
[Site "Internet Chess Club"]
[Date "2008.02.15"]
[Round "4"]
[White "WesleyCrusher"]
[Black "zeigmata"]
[Result "1/2-1/2"]
[WhiteElo "2132"]
[BlackElo "2360"]
[Opening "Sicilian: Canal-Sokolsky attack, 3...Bd7"]
[ECO "B52"]
[Time "14:59:39"]
[TimeControl "2700+45"]

1. e4 c5 2. Nf3 d6 3. Bb5+ Bd7 4. Bxd7+ Qxd7 5. O-O Nc6 6. c3 Nf6 7. Re1 e6 8.
d4 Be7 9. d5 Ne5 10. Nxe5 dxe5 11. c4 exd5 12. exd5 O-O 13. Rxe5 Bd6 14. Re1 Qf5
15. h3 Rfe8 16. Nc3 Rxe1+ 17. Qxe1 Qd3 18. Qe2 Qf5 19. Be3 Re8 20. Re1 a6 21. a4
g5 22. g4 Qe5 23. Qf3 Kg7 24. Bd2 Qh2+ 25. Kf1 Rxe1+ 26. Kxe1 h6 27. Ne2 Be5 28.
Bc3 Bxc3+ 29. Nxc3 Qg1+ 30. Kd2 Qh2 31. Qe3 Nd7 32. Qg3 Qxg3 33. fxg3 Kf6 34.
Ke3 Ke5 35. Ne4 b5 36. axb5 axb5 37. b3 Nb6 38. Kd3 bxc4+ 39. bxc4 Nd7 40. Nd2
f5 41. gxf5 Kxf5 42. Ke3 h5 43. Ne4 Nb6 44. Nxc5 Nxc4+ 45. Kd4 Nd6 46. Nd3 g4
47. hxg4+ Kxg4 48. Nf4 h4 49. gxh4 Kxf4 50. Kc5 Nf5 {Game drawn by mutual
agreement} 1/2-1/2

[Event "Team 45 45 League T36"]
[Site "Internet Chess Club"]
[Date "2008.02.18"]
[Round "4"]
[White "ThuG"]
[Black "zamolxis"]
[Result "0-1"]
[WhiteElo "2194"]
[BlackElo "2083"]
[Opening "Sicilian defense"]
[ECO "B33"]
[Time "14:56:59"]
[TimeControl "2700+45"]

1. e4 c5 2. Nf3 Nc6 3. d4  cxd4 4. Nxd4 Nf6 5. Nc3 g6  6. Nxc6 bxc6 7. e5 Ng8 8.
Bc4 Bg7 9. Bf4 e6 10. O-O  f5 11. Qd2 Qc7 12. Rfe1 Ne7  13. Rad1 Rb8 14. Qd6
Qxd6 15.  exd6 Rxb2 16. Bd2 Rxc2 17. Bb3  Rxd2 18. Nb1 Rxd1 19. Rxd1 Nd5 20. Na3
Ba6 21. Bc4 Bxc4  22. Nxc4 Nc3 23. Rd2 Kf7 24.  Rb2 Rd8 25. a3 Bd4 26. Kf1  e5
27. Rd2 Rb8 28. g3 Rb1+  29. Kg2 Ke6 30. f4 Rg1+ 31. Kh3 Ne4 32. Re2 exf4 33.
gxf4  Kd5 {White resigns} 0-1

[Event "Team 45 45 League T36"]
[Site "Internet Chess Club"]
[Date "2008.02.19"]
[Round "4"]
[White "baumhauer"]
[Black "Ozgur-Bjk"]
[Result "0-1"]
[WhiteElo "1972"]
[BlackElo "2166"]
[Opening "Queen's pawn game"]
[ECO "D04"]
[Time "03:12:05"]
[TimeControl "2700+45"]

1. Nf3 d5 2. d4 Nf6 3. e3 Bg4 4. Bd3 e6 5. h3 Bh5 6. Nbd2 Be7 7. c4 c6 8. Qb3
Qc7 9. Ne5 O-O 10. f4 Nbd7 11. g4 Bg6 12. Nxg6 hxg6 13. Nf3 c5 14. Bd2 cxd4 15.
Nxd4 Nc5 16. Qc2 Nxd3+ 17. Qxd3 dxc4 18. Qc2 Nd5 19. O-O-O Bf6 20. Rdf1 a5 21.
a3 Rab8 22. Ne2 b5 23. e4 c3 24. bxc3 Nb6 25. g5 Be7 26. h4 Bxa3+ 27. Kb1 Nc4
28. Rf3 b4 29. cxb4 Nxd2+ 30. Qxd2 Rxb4+ 31. Ka1 Bb2+ 32. Qxb2 Rxb2 33. Kxb2
Rb8+ 34. Rb3 a4 35. Rxb8+ Qxb8+ 36. Ka1 Qb3 37. Rc1 Qe3 38. Rc2 Qxe4 39. Rb2 f6
40. Ka2 e5 41. fxe5 fxe5 42. Ka3 Qxh4 43. Rb4 Qxg5 44. Kxa4 Qe3 45. Rb2 g5 46.
Rc2 g4 47. Nc3 g3 48. Kb3 Qf3 49. Kc4 g2 {White resigns} 0-1

[Event "Team 45 45 League T36"]
[Site "Internet Chess Club"]
[Date "2008.02.17"]
[Round "4"]
[White "EUPHRATES"]
[Black "Holzschlange"]
[Result "1-0"]
[WhiteElo "2061"]
[BlackElo "1908"]
[Opening "Ruy Lopez: open, Riga variation"]
[ECO "C80"]
[Time "16:03:42"]
[TimeControl "2700+45"]

1. e4 e5 2. Nf3 Nc6 3. Bb5 a6 4. Ba4 Nf6 5. O-O Nxe4 6. d4 exd4 7. Re1 d5 8.
Nxd4 Bd6 9. Nxc6 Bxh2+ 10. Kh1 Qh4 11. Rxe4+ dxe4 12. Qd8+ Qxd8 13. Nxd8+ Kxd8
14. Kxh2 c5 15. Bb3 Ke7 16. Be3 Rd8 17. Bxc5+ Ke8 18. Nc3 Bf5 19. Re1 Rac8 20.
Nxe4 Kd7 21. Bb6 Rf8 22. Rd1+ Kc6 23. Rd6+ Kb5 24. a4+ Kb4 25. Rd4+ Rc4 26.
Rxc4# {Black checkmated} 1-0

[Event "Team 45 45 League T36"]
[Site "Internet Chess Club"]
[Date "2008.02.19"]
[Round "4"]
[White "Checkmates"]
[Black "Guinness"]
[Result "1/2-1/2"]
[WhiteElo "2432"]
[BlackElo "2271"]
[Opening "Benkö gambit"]
[ECO "A57"]
[Time "15:39:04"]
[TimeControl "2700+45"]

1. d4 Nf6 2. c4 c5 3. d5 b5 4. Nf3 Bb7 5. Nbd2 bxc4 6. e4 e6 7. dxe6 fxe6 8. e5
Nd5 9. Nxc4 Be7 10. Bd3 O-O 11. O-O Nc6 12. Be4 Nf4 13. g3 Ng6 14. Re1 Rb8 15.
h4 Qc7 16. h5 Rxf3 17. hxg6 Nd4 18. Nd2 Bxe4 19. Rxe4 Rf5 20. gxh7+ Kxh7 21. f4
g5 {Game drawn by mutual agreement} 1/2-1/2

[Event "Team 45 45 League T36"]
[Site "Internet Chess Club"]
[Date "2008.02.17"]
[Round "4"]
[White "onslaught"]
[Black "jorobo"]
[Result "1-0"]
[WhiteElo "2172"]
[BlackElo "2108"]
[Opening "French: Winawer, advance, 5.a3"]
[ECO "C17"]
[Time "14:52:59"]
[TimeControl "2700+45"]

1. e4 e6 2. d4 d5 3. Nc3 Bb4 4. e5 c5 5. a3 Ba5 6. b4 cxb4 7. Nb5 Nc6 8. axb4
Bxb4+ 9. c3 Be7 10. Ba3 Bxa3 11. Rxa3 Nh6 12. Nd6+ Kf8 13. Bd3 Qe7 14. Ra2 Nf5
15. Bxf5 exf5 16. Nf3 Be6 17. O-O g6 18. Qd2 Kg7 19. h4 h6 20. Rb1 b6 21. h5
Rab8 22. Qf4 Na5 23. Rba1 Rhd8 24. hxg6 fxg6 25. Ne1 Rd7 26. Nd3 Rc7 27. Ra3 Ra8
28. Qg3 Nc4 29. Nf4 g5 30. Nxd5 Qd7 31. Nxc7 Qxc7 32. Ne8+ Rxe8 33. Rxa7 Re7 34.
Rxc7 Rxc7 35. Qd3 Rd7 36. Ra8 {Black resigns} 1-0